 Dungeon Crawl Stone Soup version 0.24.0-125-gc4c63601f3 (webtiles) character file.

Game seed: 13894620917496870155, levelgen mode: deterministic

96 Divind the Skirmisher (level 4, -3/40 HPs)
             Began as a Hill Orc Fighter on Feb 29, 2020.
             Slain by Sigmund
             ... wielding a +0 scythe
              (7 damage)
             ... on level 3 of the Dungeon.
             The game lasted 00:02:48 (1540 turns).

Divind the Skirmisher (Hill Orc Fighter)            Turns: 1540, Time: 00:02:49

Health: -3/40      AC: 10    Str: 19    XL:     4   Next: 67%
Magic:  4/4        EV:  4    Int:  8    God:
Gold:   183        SH:  8    Dex: 10    Spells: 3/3 levels left

rFire    . . .     SeeInvis .   a - +0 long sword
rCold    . . .     Gourm    .   c - +0 shield
rNeg     . . .     Faith    .   r - +0 chain mail
rPois    .         Spirit   .   (no helmet)
rElec    .         Reflect  .   (no cloak)
rCorr    .         Harm     .   e - +0 pair of gloves
MR       .....                  (no boots)
Stlth    ..........             (no amulet)
HPRegen  0.13/turn              (no ring)
MPRegen  0.09/turn              (no ring)

@: slowed, heavily drained, very slow
A: no striking features
a: no special abilities


You were on level 3 of the Dungeon.
You were not hungry.

You visited 1 branch of the dungeon, and saw 3 of its levels.

You collected 183 gold pieces.

Inventory:

Hand Weapons
 a - a +0 long sword (weapon)
Armour
 b - a +0 scale mail
 c - a +0 shield (worn)
 e - a +0 pair of gloves (worn)
 r - a +0 chain mail (worn)
Jewellery
 t - an uncursed ring of flight {unknown}
Wands
 s - a wand of acid (8)
Scrolls
 h - a scroll of fear {unknown}
 i - a scroll of noise {unknown}
 k - 2 scrolls of identify {unknown}
 l - a scroll of immolation {unknown}
 m - 2 scrolls of teleportation {unknown}
 p - a scroll of random uselessness {unknown}
 q - a scroll of enchant armour {unknown}
 u - a scroll of magic mapping {unknown}
Potions
 d - a potion of might
 g - 2 potions of flight {unknown}
 j - a potion of mutation {unknown}
 n - 2 potions of curing {unknown}
 o - a potion of heal wounds {unknown}
Comestibles
 f - 6 rations


   Skills:
 + Level 4.3(2.9) Fighting
 + Level 3.5(2.2) Long Blades
 + Level 3.8(2.4) Armour
 + Level 0.3(0.0) Dodging
 + Level 3.9(2.6) Shields


You had 3 spell levels left.
You didn't know any spells.
Your spell library was empty.

Dungeon Overview and Level Annotations

Branches:
Dungeon (3/15)

Altars:
Gozag

Annotations:
D:3 Sigmund


Message History

You feel drained. Something hits you but does no damage.
You hit the orc wizard.
The orc wizard is almost dead.
The orc wizard barely misses you. Something hits you but does no damage.
You closely miss the orc wizard.
The orc wizard is almost dead.
You block the orc wizard's attack.
The orc wizard gestures at you while chanting.
You feel yourself slow down. Something hits you but does no damage.
You closely miss the orc wizard.
The orc wizard is almost dead.
The orc wizard gestures at you while chanting.
The magic dart hits you! Something hits you!
* * * LOW HITPOINT WARNING * * *
The orc wizard points at you and mumbles some strange words.
You resist with some effort.
You hit the orc wizard.
The orc wizard is almost dead.
You block the orc wizard's attack. Something hits you!
You die...

.####.##.....
...######
......# .....
.........
......# ####
#........
......########
#........
......#......#
#........
......#......#
#oo......
#..##.#......#
#w{.w....
##.##.#......#
#o#
#..#.#......#
#@#
##.#.#......#
#.# #...#......#
#.#
##..#......###.#
#.>.......'...#
####......#####
#......#
########


You could see an orc wizard, a dart slug and 2 orcs.

Vanquished Creatures
  Natasha (D:3)
  3 adders
  2 dart slugs (D:1)
  2 leopard geckos
  2 giant cockroaches (D:1)
  3 goblins
  4 hobgoblins
  4 jackals (D:3)
  5 kobolds
  A ball python (D:1)
  3 bats
  9 rats
39 creatures vanquished.

Notes
Turn   | Place    | Note
-------+----------+-------------------------------------------
     0 | D:1      | Divind the Hill Orc Fighter began the quest for the Orb.
     0 | D:1      | Reached XP level 1. HP: 19/19 MP: 1/1
    22 | D:1      | Reached XP level 2. HP: 24/27 MP: 2/2
    25 | D:1      | Reached skill level 4 in Fighting
   198 | D:1      | Reached XP level 3. HP: 31/33 MP: 3/3
  1376 | D:3      | Noticed Natasha
  1389 | D:3      | Killed Natasha
  1389 | D:3      | Reached XP level 4. HP: 38/40 MP: 4/4
  1417 | D:3      | Found an opulent altar of Gozag.
  1524 | D:3      | Noticed Sigmund
  1540 | D:3      | Slain by Sigmund

Levels and vault maps discovered:
D:1:      saegor_arrival_simple_c, layout_basic
D:2:      layout_loops_ring, first_ration, amethyst_killhole
D:3:      layout_basic, grunt_gozag_breadcrumbs, uniq_natasha, uniq_sigmund

Skill      XL: |  1  2  3 |
---------------+----------+-----
Fighting       | 4 |  4.3
Long Blades    | 3 |  3.5
Armour         | |  3.8
Dodging        | |  0.3
Shields        | |  3.9

Action                   |  1- 3 |  4- 6 || total
-------------------------+-------+-------++-------
Melee: Long sword        |   118 |    29 ||   147
  Eat: Ration            |     1 |       ||     1
Armor: Scale mail        |    51 |       ||    51
       Chain mail        |     5 |    20 ||    25
Dodge: Dodged            |    25 |     9 ||    34
Block: Shield            |    70 |    14 ||    84
       Rpst.: Long sword |     9 |     3 ||    12
